 Dungeon Crawl Stone Soup version 0.24.0-13-gcf9b3192b9 (webtiles) character file.

Game seed: 8005392967413884840, levelgen mode: deterministic

10999 Dwingvatt99 the Grappler (level 11, 0/109 HPs)
             Began as a Troll Monk on Nov 7, 2019.
             Slain by a blink frog (19 damage)
             ... on level 1 of the Lair of Beasts.
             The game lasted 00:23:07 (9985 turns).

Dwingvatt99 the Grappler (Troll Monk)               Turns: 9985, Time: 00:23:07

Health: 0/109      AC:  9    Str: 21    XL:     11   Next: 43%
Magic:  13/13      EV: 14    Int:  9    God:
Gold:   380        SH:  0    Dex: 12    Spells: 10/10 levels left

rFire    . . .     SeeInvis .     - Unarmed
rCold    . . .     Gourm    +   (no shield)
rNeg     . . .     Faith    .   a - +0 robe
rPois    .         Spirit   .   (helmet restricted)
rElec    .         Reflect  .   k - +2 cloak
rCorr    .         Harm     .   (gloves unavailable)
MR       .....                  (boots unavailable)
Stlth    +++.......             (no amulet)
HPRegen  0.68/turn              v - +3 ring of evasion
MPRegen  0.13/turn              (no ring)

@: lethally poisoned (0 -> -1)
A: large, unfitting armour, claws 3, fast metabolism 3, gourmand, regeneration
1, shaggy fur 1, tough skin 3
a: no special abilities


You were on level 1 of the Lair of Beasts.
You were very full.

You visited 3 branches of the dungeon, and saw 11 of its levels.
You also visited: Sewer.

You collected 575 gold pieces.
You spent 195 gold pieces at shops.

Inventory:

Armour
 a - a +0 robe (worn)
 h - a +0 large shield
   (You found it on level 1 of the Dungeon)
 k - a +2 cloak (worn)
   (You took it off Crazy Yiuf on level 2 of the Dungeon)
Magical Staves
 o - an uncursed staff of summoning
   (You took it off an orc wizard on level 4 of the Dungeon)
Jewellery
 v - a +3 ring of evasion (left claw)
   (You found it on level 7 of the Dungeon)
Wands
 d - a wand of enslavement (6)
   (You found it on level 1 of the Lair of Beasts)
 t - a wand of flame (11)
   (You found it on level 7 of the Dungeon)
 u - a wand of paralysis (5)
   (You found it on level 7 of the Dungeon)
 y - a wand of polymorph (1)
   (You found it on level 3 of the Dungeon)
Scrolls
 c - a scroll of fear
 i - 2 scrolls of teleportation {@r4@r4}
 l - 4 scrolls of enchant armour
 n - 2 scrolls of remove curse {@r2@r2}
 r - 4 scrolls of blinking
 s - 10 scrolls of identify {@r1@r1}
 w - a scroll of vulnerability {unknown}
 A - 2 scrolls of magic mapping
 C - a scroll of holy word {unknown}
Potions
 b - a potion of magic {unknown}
 f - a potion of mutation {unknown}
 j - 2 potions of might {unknown}
 m - 6 potions of curing {unknown}
 p - 2 potions of brilliance
 q - a potion of haste {unknown}
 x - a potion of lignification {unknown}
 z - 2 potions of flight {unknown}
Comestibles
 e - 25 rations {!d!d}


   Skills:
 + Level 7.0 Fighting
 - Level 4.0 Armour
 - Level 4.0 Dodging
 + Level 5.1 Stealth
 + Level 6.3 Shields
 + Level 8.4 Unarmed Combat
 + Level 5.2 Evocations


You had 10 spell levels left.
You didn't know any spells.
Your spell library contained the following spells:

 Spells                   Type           Power        Failure   Level  Hunger
 Animate Skeleton         Necr           N/A          38%         1    ##.....
 Beastly Appendage        Tmut           #.....       38%         1    ##.....
 Corona                   Hex            #......      38%         1    ##.....
 Pain                     Necr           #...         38%         1    ##.....
 Shock                    Conj/Air       #...         38%         1    ##.....
 Ensorcelled Hibernation  Hex/Ice        #.....       52%         2    ###....
 Sticks to Snakes         Tmut           #.......     52%         2    ###....
 Swiftness                Chrm/Air       #.......     52%         2    ###....
 Confuse                  Hex            #.......     77%         3    ####...
 Dazzling Spray           Conj/Hex       #.....       77%         3    ####...
 Regeneration             Chrm/Necr      #.........   77%         3    ####...
 Spider Form              Tmut/Pois      #.........   77%         3    ####...
 Static Discharge         Conj/Air       #.......     77%         3    ####...
 Tukima's Dance           Hex            #.......     77%         3    ####...
 Vampiric Draining        Necr           #.........   77%         3    ####...
 Airstrike                Air            #.........   99%         4    #####..
 Animate Dead             Necr           N/A          99%         4    #####..
 Ice Form                 Ice/Tmut       #.......     99%         4    #####..
 Blade Hands              Tmut           #.........   100%        5    ######.
 Lightning Bolt           Conj/Air       #.........   100%        5    ######.


Dungeon Overview and Level Annotations

Branches:
Dungeon (9/15)             Temple (1/1) D:4            Lair (1/6) D:9
  Sewer (visited)
    Orc: D:9-12

Altars:
Ashenzari
Cheibriados
Dithmenos
Elyvilon
Fedhas
Gozag
Hepliaklqana
Kikubaaqudgha
Makhleb
Nemelex Xobeh
Okawaru
Qazlal
Ru
Sif Muna
Trog
Uskayaw
Vehumet
Wu Jian
Xom
Yredelemnul
Zin
The Shining One

Shops:
D:5 !*(=!

Annotations:
D:5 2 runed translucent doors, demivan's ghost, amateur HOMo
D:7 Harold


Innate Abilities, Weirdness & Mutations

You are too large for most types of armour.
You have claws for hands.
Your metabolism is lightning-fast.
You like to eat raw meat.
Your natural rate of healing is unusually fast.
You are covered in fur. (AC +1)
You have extremely tough skin. (AC +3)


Message History

You feel sick. The blink frog hits you.
The blink frog blinks!
You see here a blink frog corpse.
The blink frog hits you!
The blink frog blinks!
You feel sick. The blink frog hits you.
* * * LOW HITPOINT WARNING * * *
The blink frog blinks! x2; The blink frog misses you.
The blink frog blinks!
You see here a blink frog corpse.
You feel sick.
You miss the blink frog.
The blink frog hits you but does no damage.
The blink frog hits you.
* * * LOW HITPOINT WARNING * * *
The blink frog blinks!
You feel sick.
The blink frog blinks! x2
You see here a blink frog corpse.
The blink frog blinks! x3
The blink frog hits you.
* * * LOW HITPOINT WARNING * * *
You see here a blink frog corpse.
You feel sick.
The blink frog hits something!
You scratch the blink frog. The blink frog barely misses you.
You mangle the blink frog!! The blink frog hits you.
* * * LOW HITPOINT WARNING * * *
The blink frog barely misses you.
You closely miss the blink frog.
You feel sick.
The blink frog blinks!
The blink frog hits something!
The blink frog misses you.
You claw the blink frog!
You kill the blink frog!
The blink frog blinks! x2
You feel sick.
You barely miss the blink frog.
The blink frog blinks!
The blink frog hits you!
* * * LOW HITPOINT WARNING * * *
You mangle the blink frog!! The blink frog barely misses you.
You claw the blink frog!
You kill the blink frog!
You mangle the blink frog!! The blink frog completely misses you.
You scratch the blink frog.
You feel sick.
The blink frog blinks!
The blink frog hits you.
* * * LOW HITPOINT WARNING * * *
You closely miss the blink frog. The blink frog hits you!
* * * LOW HITPOINT WARNING * * *
The blink frog hits you.
* * * LOW HITPOINT WARNING * * *
The blink frog blinks!
Things that are here:
a blink frog corpse x2
You closely miss the blink frog. You claw the blink frog!
You kill the blink frog!
You miss the blink frog. The blink frog hits you!!
You die...

### ##.# ## ####.##
##.##....###### #
..#P#...@####.#...#
#### #......†F#
#.....## #...
#.$.#....# ##...##
##.. #. #.....#
###..#####...
#.......
#.#..#.....
........)#
##...##....
.#.........
###..#....
...........#
#.......
............
###.>...


You could see a blink frog.

Vanquished Creatures
  A hydra (D:9)
  A two-headed ogre (D:8)
  3 death yaks
  A rime drake (Lair:1)
  A komodo dragon (Lair:1)
  A merfolk (Lair:1)
  2 hornets (D:7)
  4 blink frogs (Lair:1)
  2 dream sheep (D:9)
  A hippogriff (Lair:1)
  Sigmund (D:6)
  7 yaks (D:9)
  Eustachio (D:5)
  5 water moccasins
  3 ogres
  2 orc warriors
  A necrophage (D:5)
  An eye of draining (D:8)
  A phantom (D:8)
  3 centaurs (D:7)
  4 bullfrogs (D:7)
  6 big kobolds
  2 scorpions
  8 killer bees
  3 wights (D:9)
  A howler monkey (D:4)
  2 crimson imps (D:8)
  A bullfrog zombie (D:8)
  2 centaur zombies
  A quasit (D:8)
  2 hounds
  2 jellies
  5 orc priests
  Crazy Yiuf (D:2)
  9 orc wizards
  2 bullfrog skeletons
  Terence (D:3)
  2 iguanas
  6 worker ants
  A hound zombie (D:8)
  A hound skeleton (D:7)
  4 gnolls (D:4)
  2 howler monkey skeletons
  3 river rats (D:3)
  14 adders
  2 oozes (Sewer)
  An adder zombie (D:5)
  An adder skeleton (D:8)
  4 worms
  A dart slug (D:1)
  4 leopard geckos
  19 orcs
  4 giant cockroaches
  9 goblins
  11 hobgoblins
  11 jackals
  3 quokkas
  13 ball pythons
  4 bats
  8 frilled lizards
  A jackal skeleton (D:5)
  15 kobolds
  2 quokka skeletons
  A quokka zombie (D:6)
  9 rats
250 creatures vanquished.

Vanquished Creatures (others)
  A fungus (Lair:1)
  3 plants
4 creatures vanquished.

Grand Total: 254 creatures vanquished

Notes
Turn   | Place    | Note
-------+----------+-------------------------------------------
     0 | D:1      | Dwingvatt99 the Troll Monk began the quest for the Orb.
     0 | D:1      | Reached XP level 1. HP: 22/22 MP: 0/0
   249 | D:1      | Reached XP level 2. HP: 29/29 MP: 1/1
   883 | D:2      | Found a runed translucent door.
   884 | D:2      | Noticed Crazy Yiuf
   972 | D:2      | Killed Crazy Yiuf
   972 | D:2      | Reached skill level 1 in Armour
   972 | D:2      | Reached XP level 3. HP: 24/36 MP: 2/2
  1062 | D:2      | Reached XP level 4. HP: 32/44 MP: 3/3
  1575 | D:3      | Noticed Terence
  1589 | D:3      | Killed Terence
  1589 | D:3      | Reached skill level 1 in Shields
  1589 | D:3      | Reached XP level 5. HP: 49/53 MP: 4/4
  1645 | D:3      | Found a glowing drain.
  1649 | Sewer    | Entered a sewer
  1768 | Sewer    | Reached XP level 6. HP: 60/61 MP: 5/5
  1902 | Sewer    | Reached skill level 4 in Unarmed Combat
  2063 | D:3      | Found an ornate altar of the Wu Jian Council.
  2064 | D:3      | Found a blossoming altar of Fedhas.
  2081 | D:3      | Found a stormy altar of Qazlal.
  2081 | D:3      | Found a shadowy altar of Dithmenos.
  2081 | D:3      | Found a glowing silver altar of Zin.
  2081 | D:3      | Found a hide-covered altar of Uskayaw.
  2081 | D:3      | Found a radiant altar of Vehumet.
  2083 | D:3      | Found a snail-covered altar of Cheibriados.
  2084 | D:3      | Found a glowing golden altar of the Shining One.
  2086 | D:3      | Found a burning altar of Makhleb.
  2178 | D:3      | You fall into a shaft and drop 1 floor!
  2510 | D:4      | Reached XP level 7. HP: 47/67 MP: 6/6
  2522 | D:4      | Found a staircase to the Ecumenical Temple.
  2575 | Temple   | Entered the Ecumenical Temple
  3116 | D:3      | Found a hazy altar of Hepliaklqana.
  3236 | D:5      | Entered Level 5 of the Dungeon
  3246 | D:5      | Found Hiassij's Jewellery Shoppe.
  3363 | D:5      | Found Johock's Distillery.
  3598 | D:5      | Found Cuetot's Distillery.
  3628 | D:5      | Found Pocaf's Assorted Antiques.
  3635 | D:5      | Bought a heavily runed golden ring for 125 gold pieces
  3635 | D:5      | Bought 2 viscous pink potions for 45 gold pieces
  3635 | D:5      | Bought a scroll labeled XUAW DIGIRCH for 25 gold pieces
  3644 | D:5      | Identified the ring of Mefocej {rElec rPois rC+ MR- Dex+7}
                  | (You bought it in a shop on level 5 of the Dungeon)
  3750 | D:5      | Reached skill level 1 in Evocations
  3750 | D:5      | Reached XP level 8. HP: 59/78 MP: 7/7
  3788 | D:5      | Found Rozu's Weapon Shoppe.
  3836 | D:5      | Found a large runed translucent door.
  3837 | D:5      | Found a large runed translucent door.
  3838 | D:5      | Noticed demivan's ghost (amateur HOMo)
  3970 | D:6      | Noticed Eustachio
  4151 | D:5      | Killed Eustachio
  4151 | D:5      | Reached skill level 5 in Unarmed Combat
  4405 | D:6      | Noticed Sigmund
  4416 | D:6      | Killed Sigmund
  5172 | D:7      | Reached XP level 9. HP: 70/85 MP: 9/9
  5199 | D:7      | Paralysed by a hornet for 3 turns
  5626 | D:7      | Noticed Harold
  5643 | D:7      | Reached skill level 6 in Unarmed Combat
  5856 | D:7      | Found a shimmering altar of Xom.
  5880 | D:7      | Reached skill level 5 in Fighting
  6789 | D:8      | Noticed a two-headed ogre
  6804 | D:8      | Killed a two-headed ogre
  6804 | D:8      | Reached XP level 10. HP: 98/98 MP: 11/11
  7193 | D:9      | Reached skill level 7 in Unarmed Combat
  7364 | D:9      | Found a staircase to the Lair.
  7364 | D:9      | Noticed a death yak
  7382 | D:9      | Noticed a death yak
  7385 | D:9      | Noticed a death yak
  7664 | D:8      | Killed a death yak
  7664 | D:8      | Reached skill level 5 in Shields
  7770 | D:8      | Killed a death yak
  8566 | D:9      | Noticed a three-headed hydra
  8868 | D:9      | Killed a three-headed hydra
  9028 | D:9      | Reached XP level 11. HP: 105/107 MP: 13/13
  9139 | D:9      | Killed a death yak
  9139 | D:9      | Reached skill level 8 in Unarmed Combat
  9166 | D:9      | Reached skill level 5 in Evocations
  9312 | Lair:1   | Entered Level 1 of the Lair of Beasts
  9316 | Lair:1   | Noticed a four-headed hydra
  9324 | Lair:1   | a four-headed hydra changed into a merfolk
  9582 | Lair:1   | Reached skill level 5 in Stealth
  9985 | Lair:1   | Slain by a blink frog

Levels and vault maps discovered:
D:1:      sevenhm_arrival_forest_fort_large_2, layout_loops_ring
D:2:      layout_loops_ring, grunt_ministairs_14, minivault_23,
          uniq_crazy_yiuf_cottage
D:3:      layout_rooms, minitemple, nicolae_overflow_crystal_walls,
          lightli_sewer_entry_pipes, uniq_terence
D:4:      layout_basic, minmay_temple_entry_waves
D:5:      layout_loops_ring, ebering_ghost_disaster_area, serial_shops,
          nicolae_shop_overgrown_old_shop, shop_statue, kennysheep_mini, shop,
          nicolae_shop_crystal, first_ration
D:6:      layout_cave_pools, serial_glass, glass_columns_b, glass_columns_a,
          uniq_eustachio, uniq_sigmund
D:7:      layout_layer_cave, overflow_temple_1_default,
          minmay_fractal_squares_diagonal_5, uniq_harold
D:8:      layout_gridville
D:9:      layout_rooms, dpeg_lair_monsters, hangedman_ranch
          [blue_anna_fruit_fields]
Temple:   zaba_magenta_temple
Lair:1:   layout_cave_pods, beast_lair_carwin_7, uniq_sonja

Skill      XL: |  1  2  3  4  5  6  7  8  9 10 11 |
---------------+----------------------------------+-----
Armour         | 1 2 3 4 |  4.0
Fighting       | 3 4 5 6 7 |  7.0
Shields        | 1 2 3 4 5 6 |  6.3
Dodging        | 3 4 |  4.0
Unarmed Combat | 4 5 6 7 8 |  8.4
Stealth        | 2 3 4 5 |  5.1
Evocations     | 1 2 3 4 5 |  5.2

Action                   |  1- 3 |  4- 6 |  7- 9 | 10-12 || total
-------------------------+-------+-------+-------+-------++-------
Melee: Unarmed           |    72 |   189 |   352 |   291 ||   904
       Punch             |       |     1 |     3 |    11 ||    15
Evoke: Wand              |       |       |    12 |    27 ||    39
  Use: Scroll            |       |     3 |    12 |       ||    15
       Potion            |       |       |     1 |     6 ||     7
 Stab: Sleeping          |     3 |     9 |     7 |     5 ||    24
       Invisible         |     1 |       |       |       ||     1
       Distracted        |       |     1 |       |       ||     1
       Paralysed         |       |       |     3 |       ||     3
  Eat: Chunk             |    15 |    14 |    40 |    27 ||    96
Armor: Robe              |    18 |    61 |   147 |    59 ||   285
Dodge: Dodged            |    35 |    76 |   200 |   155 ||   466
